 Dungeon Crawl Stone Soup version 0.29.1-1-gd02db6906a (webtiles) character file.

Game seed: 5956990210258128829

276 Ashen the Firebug (level 6, 0/44 HPs)
             Began as a Demonspawn Fire Elementalist on Oct 12, 2022.
             Slain by a centaur (3 damage)
             ... on level 4 of the Dungeon.
             The game lasted 00:05:59 (2961 turns).

Ashen the Firebug (Demonspawn Fire Elementalist)    Turns: 2961, Time: 00:06:00

Health: 0/44       AC:  5    Str:  7 (8)  XL:     6   Next: 4%
Magic:  10/10      EV: 12    Int: 18 (19) God:
Gold:   130        SH:  0    Dex: 12 (13) Spells: 10/11 levels left

rFire   . . .      SeeInvis .   p - +2 trident (venom)
rCold   . . .      Faith    .   (no shield)
rNeg    . . .      Spirit   .   a - +0 robe
rPois   .          Reflect  .   (helmet restricted)
rElec   .          Harm     .   (no cloak)
rCorr   .          Rampage  .   l - +0 pair of gloves
Will    .....                   (no boots)
Stlth   ++........              (no amulet)
HPRegen 0.14/turn               (no ring)
MPRegen 0.12/turn               (no ring)

@: studying Axes
A: antennae 1, icy blue scales 1, spiny 1, demonic magic 2
a: no special abilities


You were on level 4 of the Dungeon.
You visited 1 branch of the dungeon, and saw 5 of its levels.

You collected 130 gold pieces.

Inventory:

Hand Weapons
 f - a +2 dagger of speed
 p - a +2 trident of venom (weapon)
Armour
 a - a +0 robe (worn)
 l - a +0 pair of gloves (worn)
Wands
 q - a wand of charming (11)
Scrolls
 c - a scroll of silence {unknown}
 d - a scroll of brand weapon {unknown}
 e - 2 scrolls of immolation
 g - a scroll of amnesia {unknown}
 h - a scroll of identify {unknown}
 m - 2 scrolls of torment {unknown}
 n - a scroll of blinking {unknown}
 o - a scroll of noise {unknown}
Potions
 b - a potion of magic


   Skills:
 + Level 2.2 Fighting
 + Level 2.8 Dodging
 + Level 3.0 Stealth
 + Level 3.0 Spellcasting
 + Level 2.3 Conjurations
 + Level 3.4 Fire Magic


You had 10 spell levels left.
You knew the following spells:

 Your Spells              Type           Power      Damage    Failure   Level
a - Foxfire               Conj/Fire      52%        2x1d6     4%          1

Your spell library contained the following spells:

 Spells                   Type           Power      Damage    Failure   Level
 Scorch                   Fire           30%        2d6       6%          2
 Conjure Flame            Conj/Fire      13%        6-21      14%         3
 Inner Flame              Hex/Fire       9%         N/A       24%         3
 Flame Wave               Conj/Fire      13%        2d6       43%         4


Dungeon Overview and Level Annotations

Branches:
Dungeon (5/15)
 Temple: D:4-7

Altars:
Ru

Annotations:
D:3 Sigmund
D:4 Pikel


Innate Abilities, Weirdness & Mutations

You have a pair of small antennae on your head.
You are partially covered in icy blue scales. (AC +2)
You are partially covered in sharp spines.
Spells you cast may paralyse nearby enemies.


Message History

You pick up a manual of Axes and begin studying.
You are too injured to fight recklessly!
A kobold comes into view. It is wielding a +0 short sword.
The helpless kobold fails to defend itself.
You hit the kobold.
You kill the kobold!
Things that are here:
a +0 short sword; 5 stones A centaur and a ball python come into view.
The ball python hisses angrily.
The centaur moves out of view.
The ball python moves out of view.
A hobgoblin comes into view.
Reach: p) +2 trident (venom)
Press: ? - help, Dir - move target, f - centaur
Aim: a centaur (wandering, hasn't noticed you, about 30% to evade your +2 trident of venom)
You reach to attack!
You completely miss the centaur.
The centaur shouts!
The centaur wields a +0 shortbow.
The centaur shoots an arrow.
The arrow hits you.
* * * LOW HITPOINT WARNING * * *
The centaur shoots an arrow.
The arrow hits you!
* * * LOW HITPOINT WARNING * * *
Unknown command.
The centaur unwields a +0 shortbow.
The centaur hits you.
* * * LOW HITPOINT WARNING * * *
The centaur barely misses you.
You puncture the centaur!
The centaur is moderately wounded.
The centaur closely misses you.
The centaur kicks you but does no damage.
The ball python is struck by your spines.
You kill the ball python!
The centaur is struck by your spines. The centaur barely misses you.
The centaur closely misses you.
The hobgoblin shouts!
You hit the centaur.
The centaur is severely wounded.
The centaur hits you but does no damage.
The centaur kicks you.
You die...

. #. #.
#############
#.###.
##.#.#.#.#†#.#
+..5..
#.#.#)#.#.#@#
.....
#.#.#.#.#S#c#
....
#.#.#.#.#.#.# #..
##.##.....g.. .#
#.. ###..##..###
.# #..
.###.g####+#.#.
#.# #
##........#.# #.#
#........#.# #5.
######.......##.#
#5.


You could see a centaur and a hobgoblin.

Vanquished Creatures
  A sky beast (D:5)
  Natasha (thrice) (D:3)
  Robin (D:3)
  A gnoll (D:1)
  2 adders (D:3)
  7 orcs
  6 ball pythons
  2 bats (D:3)
  3 endoplasms
  A giant cockroach (D:3)
  13 goblins
  7 hobgoblins
  2 quokkas
  6 frilled lizards
  4 kobolds
  3 rats
62 creatures vanquished.

Vanquished Creatures (others)
  133 foxfires
133 creatures vanquished.

Grand Total: 195 creatures vanquished

Notes
Turn   | Place    | Note
-------+----------+-------------------------------------------
     0 | D:1      | Ashen the Demonspawn Fire Elementalist began the quest for
                  | the Orb.
     0 | D:1      | Reached XP level 1. HP: 13/13 MP: 3/3
   317 | D:1      | Gained mutation: You have a pair of small antennae on your
                  | head. [demonic ancestry]
   317 | D:1      | Reached XP level 2. HP: 20/20 MP: 0/5
  1029 | D:2      | Gained mutation: Spells you cast may paralyse adjacent
                  | enemies. [demonic ancestry]
  1029 | D:2      | Reached XP level 3. HP: 25/25 MP: 3/6
  1243 | D:2      | Found a faded altar of an unknown god.
  1650 | D:3      | Noticed Natasha
  1660 | D:3      | Killed Natasha
  1661 | D:3      | Reached skill level 1 in Fighting
  1731 | D:2      | Gained mutation: Spells you cast may paralyse nearby
                  | enemies. [demonic ancestry]
  1731 | D:2      | Reached XP level 4. HP: 5/32 MP: 2/7
  2058 | D:3      | Noticed Sigmund
  2116 | D:3      | Noticed Natasha
  2120 | D:3      | Killed Natasha
  2256 | D:3      | Noticed Natasha
  2260 | D:3      | Killed Natasha
  2261 | D:3      | Gained mutation: You are partially covered in sharp spines.
                  | [demonic ancestry]
  2261 | D:3      | Reached XP level 5. HP: 38/38 MP: 3/8
  2310 | D:3      | Noticed Robin
  2320 | D:3      | Killed Robin
  2686 | D:4      | You fall into a shaft and drop 1 floor!
  2686 | D:5      | Entered Level 5 of the Dungeon
  2704 | D:5      | Noticed a sky beast
  2720 | D:5      | Killed a sky beast
  2721 | D:5      | Gained mutation: You are partially covered in icy blue
                  | scales. (AC +2) [demonic ancestry]
  2721 | D:5      | Reached XP level 6. HP: 21/44 MP: 10/10
  2909 | D:4      | Noticed Pikel
  2933 | D:4      | Found a sacrificial altar of Ru.
  2959 | D:4      | HP: 2/44 [centaur (4)]
  2961 | D:4      | Slain by a centaur

Illustrated notes

Levels and vault maps discovered:
D:1:      dpeg_arrival_radiant, layout_basic, solitary_fountain
D:2:      layout_basic, hellmonk_ecumenical_altar_blasted
D:3:      layout_basic, mainiacjoe_overflow_tiny_flanked, uniq_natasha,
          uniq_sigmund, uniq_robin
D:4:      layout_basic, nicolae_dithmenos_through_a_glass_darkly,
          lemuel_tele_altar, lemuel_round_altar, minmay_manual_maat, uniq_pikel
D:5:      layout_loops_ring, mainiacjoe_overflow_alcove_1,
          gammafunk_ghost_abyssal_escape, cheibrodos_gnoll_hut,
          uniq_blork_the_orc

Skill      XL: |  1  2  3  4  5 |
---------------+----------------+-----
Stealth        | 2 3 |  3.0
Dodging        | 2 |  2.8
Fighting       | 1 2 |  2.2
Fire Magic     | 3 |  3.4
Conjurations   | 2 |  2.3
Spellcasting   | 3 |  3.0

Action                   |  1- 3 |  4- 6 || total
-------------------------+-------+-------++-------
Melee: Unarmed           |     4 |       ||     4
       Dagger            |    12 |     3 ||    15
       Trident           |       |    19 ||    19
 Cast: Foxfire           |    44 |    35 ||    79
Evoke: Wand              |       |     1 ||     1
  Use: Potion            |       |     3 ||     3
 Stab: Paralysed         |     2 |     2 ||     4
       Sleeping          |     1 |     2 ||     3
Armor: Robe              |     2 |     8 ||    10
Dodge: Dodged            |    15 |    16 ||    31
